Map: Abyssal Reef LE

Players

Maru

  • Race: Terran Terran
  • League: Diamond
  • Spawn Location: 11:00

ByuN - Winner!

  • Race: Terran Terran
  • Spawn Location: 5:00

VOD

Have the link to the VOD?

Description

Time

  • Played on: July 28, 2017, 2:33 a.m.
  • Length: 8:30
Show
View Real Time Build Order
Export as new Build Order

Maru Terran 

Build Orders: 1/1/1, Cyclone Opening 

Get SALT Encoding   

  12  0:00  SCV  
  13  0:12  SCV  
  14  0:17  Supply Depot  
  14  0:24  SCV  
  15  0:29  Refinery  
  15  0:38  SCV  
  16  0:44  Barracks  
  16  0:50  SCV  
  16  0:55  Refinery  
  17  1:03  SCV  
  18  1:15  SCV  
  19  1:30  Orbital Command  
  19  1:31  Reaper  
  20  1:37  Factory  
  20  1:51  Supply Depot  
  20  1:57  SCV  
  21  2:03  Reaper  
  22  2:09  SCV  
  23  2:21  Cyclone, SCV  
  27  2:27  Starport  
  27  2:33  SCV  
  28  2:37  Barracks Tech Lab  
  28  2:41  Supply Depot  
  28  2:45  SCV  
  30  2:58  SCV  
  29  3:13  Command Center  
  29  3:14  Raven  
  29  3:16  SCV  
  32  3:24  Cyclone  
  35  3:29  SCV  
  35  3:33  Supply Depot  
  35  3:34  Barracks Reactor  
  36  3:41  SCV  
  37  3:53  SCV  
  38  3:57  Viking  
  40  4:05  SCV  
  40  4:14  Marine x2  
  40  4:15  Cyclone  
  44  4:17  SCV  
  44  4:19  Supply Depot  
  45  4:30  Orbital Command, SCV  
  46  4:37  Raven  
  48  4:39  Marine x2  
  48  4:42  SCV  
  50  4:50  Factory Tech Lab  
  46  4:54  SCV  
  46  4:57  Marine x2  
  46  5:01  SCV  
  46  5:06  SCV  
  39  5:15  Marine  
  39  5:16  Marine  
  39  5:18  SCV x2  
  41  5:29  Siege Tank  
  41  5:30  SCV x2  
  41  5:33  Marine  
  41  5:34  Marine  
  48  5:42  Refinery, SCV x2  
  50  5:46  Refinery, Supply Depot  
  50  5:54  SCV x2  
  50  5:57  Viking  
  54  5:58  Viking  
  54  6:06  SCV x2  
  56  6:13  Marine  
  60  6:18  Siege Tank, SCV  
  60  6:19  SCV  
  62  6:29  Command Center  
  62  6:31  SCV  
  62  6:32  SCV, Viking  
  66  6:37  Viking  
  68  6:43  SCV  
  68  6:46  Marine  
  69  6:47  SCV  
  70  6:55  SCV  
  70  6:59  Supply Depot, SCV  
  70  7:00  Siege Tank  
  75  7:04  Marine  
  75  7:05  Barracks  
  75  7:06  Barracks  
  75  7:07  SCV  
  77  7:15  SCV  
  75  7:22  Marine  
  73  7:26  SCV  
  73  7:27  Engineering Bay  
  73  7:28  Viking x2  
  79  7:31  Engineering Bay  
  79  7:32  Siege Tank  
  82  7:40  Marine  
  82  7:42  Orbital Command  
  83  7:45  SCV x2  
  83  7:51  Barracks  
  85  7:52  Barracks  
  85  7:57  Barracks Reactor x2  
  85  7:58  Marine  
Show
View Real Time Build Order
Export as new Build Order

ByuN Terran - Winner!

Build Orders: 1/1/1, Cyclone Opening 

Get SALT Encoding   

  12  0:00  SCV  
  13  0:12  SCV  
  14  0:17  Supply Depot  
  14  0:25  SCV  
  14  0:28  Refinery  
  15  0:38  SCV  
  16  0:45  Barracks  
  16  0:51  SCV  
  16  0:55  Refinery  
  17  1:03  SCV  
  18  1:15  SCV  
  19  1:31  Orbital Command  
  19  1:32  Reaper  
  20  1:36  Factory  
  20  1:47  Supply Depot  
  20  1:56  SCV  
  21  2:04  Reaper  
  22  2:08  SCV  
  23  2:19  Cyclone  
  23  2:22  Starport  
  26  2:23  SCV  
  27  2:32  Supply Depot  
  27  2:35  SCV  
  28  2:38  Barracks Tech Lab  
  27  2:48  SCV  
  27  2:51  Cyclone  
  31  3:00  SCV  
  32  3:06  Banshee  
  32  3:12  Barracks Reactor, SCV  
  35  3:17  Supply Depot  
  35  3:23  Hellion  
  37  3:38  Command Center  
  37  3:40  SCV  
  37  3:49  Raven, Marine  
  37  3:50  Marine  
  37  3:52  SCV  
  42  3:58  Supply Depot  
  42  4:04  SCV  
  42  4:07  Marine  
  42  4:08  Marine  
  45  4:20  Cyclone  
  45  4:22  SCV  
  49  4:29  Marine  
  50  4:32  Barracks, Marine  
  50  4:35  SCV  
  52  4:43  Raven  
  52  4:47  SCV  
  52  4:51  Marine x2  
  56  5:00  SCV  
  56  5:02  Factory Tech Lab  
  51  5:08  Marine  
  51  5:09  Marine  
  51  5:12  SCV  
  49  5:19  Orbital Command  
  49  5:24  SCV  
  49  5:26  Marine x2  
  50  5:30  Siege Tank  
  52  5:36  SCV, Marine  
  52  5:37  Barracks  
  52  5:39  Refinery, Starport Reactor  
  54  5:43  Stimpack  
  54  5:44  Marine  
  54  5:46  Engineering Bay  
  54  5:47  SCV  
  54  5:48  SCV  
  57  5:54  Marine  
  57  5:55  Marine  
  59  5:59  SCV  
  59  6:00  SCV  
  59  6:02  Marine  
  61  6:10  Siege Tank  
  63  6:11  SCV, Marine  
  63  6:12  SCV  
  63  6:13  Supply Depot, Marine  
  67  6:22  Starport Reactor, Marine  
  67  6:23  Terran Infantry Weapons Level 1, SCV  
  67  6:24  SCV  
  70  6:29  Refinery  
  70  6:34  Marine x4  
  70  6:35  SCV  
  70  6:36  Missile Turret  
  70  6:37  Supply Depot  
  70  6:39  SCV  
  73  6:46  Marine  
  71  6:48  SCV  
  71  6:51  SCV  
  71  6:52  Marine x4  
  77  6:58  Siege Tank  
  77  7:00  Supply Depot  
  81  7:02  Supply Depot  
  81  7:04  Marine  
  81  7:05  Missile Turret  
  81  7:09  Marine x4  
  81  7:11  Medivac  
  81  7:15  Medivac  
  84  7:22  Marine  
  85  7:27  Marine x4  
  89  7:34  Siege Tank  
  89  7:35  Supply Depot  
  92  7:40  Marine  
  66  7:44  Medivac  
  93  7:45  Medivac, Marine x4  
  97  7:57  Marine  
  98  8:03  Marine x4  
Tags
 
Add a new tag
Caveats
  • Supply blocks, unpowered buildings, or Contaminate may cause inaccurate times.
  • Supply counts are checked every 10 seconds.